 Dungeon Crawl Stone Soup version 0.20-a0-472-g5c05303 (webtiles) character file.

10762 HarleyQuinn the Cruncher (level 11, -2/86 HPs)
             Began as a Formicid Fighter on Jan 14, 2017.
             Was a Believer of Okawaru.
             Slain by a yak (9 damage)
             ... on level 1 of the Lair of Beasts.
             The game lasted 00:20:28 (14111 turns).

HarleyQuinn the Cruncher (Formicid Fighter)        Turns: 14111, Time: 00:20:28

Health: -2/86      AC: 17    Str: 27    XL:     11   Next: 99%
Magic:  0/17       EV: 10    Int:  8    God:    Okawaru [**....]
Gold:   574        SH: 14    Dex: 10    Spells: 10/10 levels left

rFire  + . .     SeeInvis +     I - +1 trident of Nefugiel {freeze, MR+ Str+3}
rCold  . . .     Gourm    .     R - +0 plate armour {rF+}
rNeg   + . .     Faith    .     c - +0 shield
rPois  .         Spirit   +     (helmet unavailable)
rElec  .         Reflect  .     p - +0 cloak
rCorr  .         Harm     .     (no gloves)
MR     ++...                    (no boots)
Stlth  ..........               B - amulet of guardian spirit
                                e - +3 ring of slaying
                                h - ring of positive energy

@: heroism
A: permanent stasis, dig shafts and tunnels, four strong arms, antennae 3
a: Dig, Shaft Self, Heroism, Renounce Religion


You were on level 1 of the Lair of Beasts.
You worshipped Okawaru.
Okawaru was pleased with you.
You were not hungry.

You visited 3 branches of the dungeon, and saw 13 of its levels.

You collected 706 gold pieces.
You spent 132 gold pieces at shops.

Inventory:

Hand Weapons
 a - a +1 quarterstaff
 b - a +4 blowgun
 I - the +1 trident of Nefugiel (weapon) {freeze, MR+ Str+3}
   (You found it on level 6 of the Dungeon)

   It has been specially enchanted to freeze those struck by it, causing extra
   injury to most foes and up to half again as much damage against particularly
   susceptible opponents.
   It can also slow down cold-blooded creatures.
   It affects your strength (+3).
   It affects your resistance to hostile enchantments.
Missiles
 x - 12 poisoned needles
 X - 5 needles of confusion
Armour
 c - a +0 shield (worn)
 p - a +0 cloak (worn)
 O - a +0 plate armour
 R - a +0 plate armour of fire resistance (worn)
Jewellery
 e - a +3 ring of slaying (right hand)
 g - an uncursed ring of flight
 h - a ring of positive energy (left hand)
 B - an amulet of guardian spirit (around neck)
Wands
 y - a wand of polymorph (11/24)
 H - a wand of disintegration (16/24)
 J - a wand of paralysis (14/24)
 L - a wand of flame (24/48)
 P - a wand of acid (6/15)
 U - a wand of acid (5/15)
Scrolls
 d - 2 scrolls of immolation {unknown}
 l - 5 scrolls of remove curse
 m - 2 scrolls of magic mapping {unknown}
 o - 10 scrolls of identify {unknown}
 s - 3 scrolls of fear {unknown}
 v - 2 scrolls of blinking {unknown}
 w - a scroll of random uselessness {unknown}
 z - 4 scrolls of teleportation {unknown}
 A - a scroll of fog {unknown}
 F - a scroll of brand weapon {unknown}
 G - 3 scrolls of amnesia {unknown}
 N - 3 scrolls of recharging {unknown}
Potions
 j - 7 potions of curing
 k - 5 potions of heal wounds
 q - 2 potions of ambrosia
 r - a potion of lignification
 t - a potion of invisibility {unknown}
 C - 2 potions of berserk rage {unknown}
 D - a potion of beneficial mutation {unknown}
 E - a potion of cancellation {unknown}
 K - 4 potions of might
 Q - a potion of agility
 T - a potion of experience {unknown}
Books
 n - Sif Muna's Collected Works on the Oath
   (You found it on level 4 of the Dungeon)

   Spells                             Type                      Level
   a - Confusing Touch                Hexes                        1
   b - Leda's Liquefaction            Hexes/Earth                  4
   c - Yara's Violent Unravelling     Hexes/Transmutation          5
   d - Discord                        Hexes                        8
 M - a Young Poisoner's Handbook

   Spells                             Type                      Level
   a - Sting                          Conjuration/Poison           1
   b - Poisonous Vapours              Poison/Air                   2
   c - Mephitic Cloud                 Conjuration/Poison/Air       3
   d - Olgreb's Toxic Radiance        Poison                       4
   e - Venom Bolt                     Conjuration/Poison           5
 V - a book of Minor Magic

   Spells                             Type                      Level
   a - Magic Dart                     Conjuration                  1
   b - Blink                          Translocation                2
   c - Call Imp                       Summoning                    2
   d - Repel Missiles                 Charms/Air                   2
   e - Slow                           Hexes                        2
   f - Conjure Flame                  Conjuration/Fire             3
   g - Mephitic Cloud                 Conjuration/Poison/Air       3
Comestibles
 f - 6 bread rations
 i - 8 meat rations
 u - 4 beef jerkies
 S - 11 royal jellies
 W - 8 chunks of flesh


   Skills:
 - Level 8.0(13.0) Fighting
 - Level 9.6(14.6) Staves
 - Level 6.8(11.8) Throwing
 - Level 8.3(13.3) Armour
 - Level 8.8(13.8) Shields
 + Level 9.1 Invocations


You had 10 spell levels left.
You didn't know any spells.

Dungeon Overview and Level Annotations

Branches:
Dungeon (11/15)            Temple (1/1) D:7            Lair (1/6) D:10
    Orc (0/2) D:10

Altars:
Cheibriados
Dithmenos
Elyvilon
Fedhas
Gozag
Hepliaklqana
Makhleb
Nemelex Xobeh
Okawaru
Qazlal
Ru
Trog
Vehumet
Yredelemnul

Shops:
D:9 !


Innate Abilities, Weirdness & Mutations

You cannot be hasted, slowed, berserked, paralysed or teleported.
You can dig through walls and to a lower floor.
Your four strong arms can wield two-handed weapons with a shield.
You have a pair of large antennae on your head. (SInv)


Message History

Okawaru accepts your kill. You block the yak's attack.
The yak closely misses you.
Attack whom?
Press: ? - help, Dir - move target cursor, f - yak
Aim: a yak You barely miss the yak.
You block the yak's attack.
Attack whom?
Press: ? - help, Dir - move target cursor, f/p - yak
Aim: a yak You hit the yak.
You freeze the yak.
The yak is lightly wounded.
You block the yak's attack. The yak gores you!
* * * LOW HITPOINT WARNING * * *
Attack whom?
Press: ? - help, Dir - move target cursor, f/p - yak
Aim: a yak (lightly wounded)
You hit the yak but do no damage.
The yak is lightly wounded.
You block the yak's attack. The yak gores you!
You die...

#........ $..................#
#......##..###.......†.Y).#.....#
#......#.......#.....#Y.........#
#......#... ...#.....#....#.....#
#......#.. ........#..........#
#.......###+####.....#....#.....#
#.........................#.....#
#...........#+##.#Y..#..........###
...........#....†@#..PP...#........
...........#.....YY................
....##.....#......#...##.P..#.+#...
....#..#...#..........#........#...
.......#...#......#...+............
..>.#..#..>#..........#......÷.#...
....#..+...#......#...#........#...
....P......#......#...#............
...........###+.###...#####+.##....


You could see 3 yaks.

Vanquished Creatures
  A two-headed ogre (D:10)
  The ghost of shitimlost the Fighter, a novice BaFi of Cheibriados (D:7)
  Pikel (D:4)
  A hornet (D:9)
  Grinder (D:5)
  3 hippogriffs
  Sigmund (D:3)
  A wyvern (D:9)
  18 yaks (Lair:1)
  Grum (D:8)
  Menkaure (D:4)
  Edmund (D:4)
  A water moccasin (D:7)
  Duvessa (D:5)
  A black bear (D:10)
  4 orc warriors
  2 ice beasts
  2 slaves (D:4)
  2 sky beasts
  3 ogres
  4 centaurs
  3 phantoms
  3 wolves (D:8)
  8 bullfrogs
  A wyvern zombie (D:8)
  3 scorpions
  Dowan (D:5)
  5 killer bees (D:9)
  4 wights (D:6)
  3 howler monkeys
  3 crimson imps
  2 quasits
  3 hounds
  4 jellies
  2 bullfrog zombies
  A centaur skeleton (D:9)
  3 orc priests
  A bullfrog skeleton (D:10)
  A gnoll shaman (D:8)
  4 iguanas
  7 worker ants
  10 orc wizards
  A hound zombie (D:8)
  Robin (D:4)
  10 adders
  11 gnolls
  A howler monkey skeleton (D:6)
  A shadow imp (D:8)
  6 oozes
  3 adder zombies
  An adder skeleton (D:4)
  3 worms
  2 dart slugs (D:1)
  4 leopard geckos
  48 orcs
  3 ball pythons
  6 giant cockroaches
  12 goblins
  12 hobgoblins
  15 jackals
  8 kobolds
  5 quokkas
  6 bats
  3 frilled lizards
  A jackal skeleton (D:8)
  7 rats
  A spectral orc (D:4)
294 creatures vanquished.

Vanquished Creatures (others)
  A slave (D:4)
  An adder zombie (D:4)
  2 orcs (D:4)
4 creatures vanquished.

Grand Total: 298 creatures vanquished

Notes
Turn   | Place    | Note
-------+----------+-------------------------------------------
     0 | D:1      | HarleyQuinn the Formicid Fighter began the quest for the Orb.
     0 | D:1      | Reached XP level 1. HP: 18/18 MP: 1/1
   123 | D:1      | Reached XP level 2. HP: 23/24 MP: 2/2
   342 | D:1      | Reached XP level 3. HP: 17/29 MP: 3/3
  1098 | D:2      | Reached XP level 4. HP: 29/35 MP: 4/4
  1807 | D:3      | Found a burning altar of Makhleb.
  1807 | D:3      | Found a radiant altar of Vehumet.
  1812 | D:3      | Found a shadowy altar of Dithmenos.
  1818 | D:3      | Found a faded altar of an unknown god.
  1820 | D:3      | Found a faded altar of an unknown god.
  1899 | D:3      | Reached XP level 5. HP: 31/41 MP: 5/5
  1908 | D:3      | Reached skill level 5 in Staves
  2059 | D:3      | Noticed Sigmund
  2081 | D:3      | Killed Sigmund
  2081 | D:3      | Reached XP level 6. HP: 33/47 MP: 6/6
  3030 | D:4      | Noticed Robin
  3080 | D:4      | Killed Robin
  3343 | D:4      | Noticed Edmund
  3376 | D:4      | Killed Edmund
  3376 | D:4      | Reached XP level 7. HP: 8/52 MP: 7/7
  3381 | D:4      | HP: 1/52 [iguana (5)]
  3958 | D:4      | Identified Sif Muna's Collected Works on the Oath
  4507 | D:4      | Found a basalt altar of Yredelemnul.
  4556 | D:4      | Noticed Menkaure
  4562 | D:4      | Noticed Pikel
  4917 | D:4      | Killed Pikel
  4917 | D:4      | Reached XP level 8. HP: 29/58 MP: 8/8
  5305 | D:4      | Killed Menkaure
  5305 | D:4      | Reached skill level 1 in Throwing
  5761 | D:5      | Entered Level 5 of the Dungeon
  6090 | D:5      | Noticed Grinder
  6117 | D:5      | Killed Grinder
  6117 | D:5      | Reached XP level 9. HP: 47/66 MP: 9/9
  6557 | D:5      | Reached skill level 5 in Shields
  6723 | D:5      | Noticed Dowan
  6724 | D:5      | Noticed Duvessa
  6731 | D:5      | Killed Dowan
  6744 | D:5      | Killed Duvessa
  6749 | D:5      | Reached skill level 5 in Armour
  7461 | D:6      | Reached skill level 5 in Fighting
  7558 | D:6      | Found a bloodstained altar of Trog.
  7747 | D:6      | Got a smoking trident
  7748 | D:6      | Identified the cursed +1 trident of Nefugiel {freeze, MR+ Str+3} (You found it on level 6 of the Dungeon)
  8824 | D:7      | Reached XP level 10. HP: 75/76 MP: 10/10
  8832 | D:7      | Found a staircase to the Ecumenical Temple.
  9331 | D:7      | Noticed shitimlost's ghost (novice BaFi)
  9354 | D:7      | Killed shitimlost's ghost
  9354 | D:7      | Reached skill level 5 in Throwing
 10224 | D:8      | Noticed Grum
 10249 | D:8      | Killed Grum
 11667 | D:9      | Reached XP level 11. HP: 84/84 MP: 11/11
 11707 | D:9      | Found Ruco's Distillery.
 11715 | D:9      | Bought a potion of curing for 36 gold pieces
 11715 | D:9      | Bought a potion of might for 48 gold pieces
 11715 | D:9      | Bought a potion of agility for 48 gold pieces
 12323 | D:9      | Found a white marble altar of Elyvilon.
 12591 | Temple   | Entered the Ecumenical Temple
 12624 | Temple   | Became a worshipper of Warmaster Okawaru
 12703 | D:10     | Entered Level 10 of the Dungeon
 12716 | D:10     | Reached skill level 1 in Invocations
 12788 | D:10     | Found a blossoming altar of Fedhas.
 13070 | D:10     | Found a staircase to the Orcish Mines.
 13433 | D:10     | Noticed a two-headed ogre
 13439 | D:10     | Killed a two-headed ogre
 13439 | D:10     | Reached * piety under Okawaru
 13439 | D:10     | Reached skill level 5 in Invocations
 13676 | D:10     | Found a staircase to the Lair.
 13820 | D:11     | Noticed a purple ugly thing
 13890 | Lair:1   | Entered Level 1 of the Lair of Beasts
 14058 | Lair:1   | Reached ** piety under Okawaru
 14111 | Lair:1   | Slain by a yak

Vault maps used:
D:1:      lightli_molten_gateway
D:3:      kennysheep_six_static_rooms, chequers_temple_overflow_minitemple,
          grunt_ministairs_3, uniq_sigmund
D:4:      yredelemnul_forgotten_temple_becter, uniq_pikel, uniq_menkaure,
          uniq_edmund, uniq_robin
D:5:      lemuel_upstairs_altar, first_bread, uniq_duvessa, uniq_grinder
D:6:      nicolae_overflow_hidden_temple
D:8:      uniq_grum
D:9:      serial_shops, nicolae_shop_waterfront, hangedman_little_slice_of_home,
          elyvilon_altar_4
D:10:     grunt_lair_entry_orc_guard_hut, orc_0_dummy, fedhas_altar_1
Temple:   regret_index_temple_sphere_string
Lair:1:   serial_bayou_lagoon_b

Skill      XL: |  1  2  3  4  5  6  7  8  9 10 11 |
---------------+----------------------------------+-----
Staves         | 3 4 6 7 9 |  9.6
Throwing       | 2 4 6 |  6.8
Shields        | 4 6 8 |  8.8
Armour         | 4 5 7 8 |  8.3
Fighting       | 4 5 7 8 |  8.0
Invocations    | 9 |  9.1

Action                   |  1- 3 |  4- 6 |  7- 9 | 10-12 || total
-------------------------+-------+-------+-------+-------++-------
Melee: Quarterstaff      |   111 |   177 |   323 |       ||   611
       Unarmed           |       |     6 |       |       ||     6
       Trident           |       |       |    97 |   633 ||   730
Invok: Heroism           |       |       |       |     3 ||     3
 Abil: Dig               |       |     1 |       |       ||     1
  Use: Potion            |       |     1 |       |     5 ||     6
       Scroll            |       |       |     6 |     1 ||     7
  Eat: Chunk             |     1 |     5 |    16 |    13 ||    35
       Beef jerky        |       |     1 |       |     1 ||     2
       Royal jelly       |       |       |     1 |       ||     1
       Pizza             |       |       |       |     2 ||     2
Armor: Scale mail        |    66 |       |       |       ||    66
       Chain mail        |    18 |   104 |   138 |    49 ||   309
       Plate armour      |       |       |       |   209 ||   209
       Skin              |       |       |       |    31 ||    31
Dodge: Dodged            |    44 |    47 |    88 |   164 ||   343
Block: Shield            |    74 |    92 |   183 |   371 ||   720
